Map: Neon Violet Square LE

Players

WeAreLegion - Winner!

  • Race: Terran Terran
  • League: Silver
  • Spawn Location: 11:00

kana

  • Race: Zerg Zerg
  • League: Master
  • Spawn Location: 5:00

VOD

Have the link to the VOD?

Description

Time

  • Played on: Dec. 14, 2024, 12:29 a.m.
  • Length: 14:54
Show
View Real Time Build Order
Export as new Build Order

WeAreLegion Terran - Winner!

Build Orders: Reaper Expand 

Get SALT Encoding   

  12  0:00  SCV  
  13  0:13  SCV  
  14  0:18  Supply Depot  
  14  0:25  SCV  
  15  0:40  SCV  
  15  0:42  Barracks  
  16  0:47  Refinery  
  16  0:58  SCV  
  17  1:10  SCV  
  18  1:22  SCV  
  19  1:34  Reaper  
  19  1:35  Orbital Command  
  20  1:51  Command Center  
  20  1:58  Supply Depot  
  20  2:00  SCV  
  21  2:11  Factory  
  21  2:17  Marine  
  21  2:19  SCV  
  23  2:31  SCV  
  24  2:43  SCV  
  26  2:46  Barracks Reactor  
  25  2:55  SCV  
  25  3:04  Hellion  
  27  3:12  Bunker  
  27  3:18  SCV  
  28  3:20  Orbital Command  
  28  3:31  SCV  
  29  3:37  Hellion x2  
  29  3:40  Barracks Tech Lab  
  33  3:43  SCV  
  33  3:46  Factory  
  34  3:50  Starport  
  34  3:53  Refinery  
  34  3:55  SCV  
  35  3:58  Hellion  
  35  3:59  Hellion  
  35  4:01  Supply Depot  
  39  4:03  SCV  
  39  4:07  SCV  
  41  4:14  Stimpack  
  41  4:15  SCV  
  42  4:19  SCV  
  43  4:27  Supply Depot, SCV  
  43  4:31  SCV, Liberator  
  47  4:33  Hellion  
  47  4:35  Hellion  
  52  4:43  SCV  
  52  4:45  SCV  
  54  4:51  Command Center  
  54  4:55  SCV  
  54  4:57  SCV, Barracks  
  54  4:59  Barracks  
  52  5:34  SCV x2  
  54  5:36  Factory Tech Lab  
  54  5:40  Marine  
  55  5:43  Starport Reactor  
  55  5:46  SCV  
  55  5:47  SCV  
  55  5:49  Barracks Tech Lab  
  57  5:52  Barracks  
  57  5:54  Supply Depot  
  57  5:58  Supply Depot, Marine  
  57  5:59  SCV  
  57  6:00  SCV  
  60  6:11  SCV  
  61  6:12  SCV  
  61  6:16  Marine  
  61  6:17  Orbital Command, Supply Depot  
  63  6:22  Supply Depot  
  63  6:23  SCV  
  63  6:24  SCV  
  63  6:34  Marine  
  64  6:51  Supply Depot  
  64  6:52  Supply Depot, Marine  
  63  7:14  Supply Depot x2  
  56  7:21  Siege Tank  
  56  7:22  Marine  
  58  7:24  Marine  
  58  7:25  Marine  
  59  7:40  Marine  
  59  7:42  Marine  
  59  7:43  Marine  
  54  7:58  Marine  
  51  8:01  Marine  
  48  8:09  Siege Tank  
  48  8:10  Medivac  
  48  8:11  Liberator  
  52  8:16  Marine  
  51  8:29  Marine  
  51  8:30  Marine  
  51  8:31  Marine  
  57  8:34  Marauder  
  57  8:40  Liberator  
  59  8:41  Siege Tank  
  59  8:47  Marine  
  57  8:55  Marine  
  52  9:08  Marine  
  52  9:09  Marine x2  
  53  9:13  Siege Tank, Marine  
  55  9:27  Marine  
  55  9:30  Marine  
  48  9:48  Marine  
  44  9:53  Siege Tank, Marine x3  
  50  10:06  Marine  
  47  10:11  Marine  
  44  10:14  SCV x3  
  45  10:24  Marine  
  45  10:26  SCV x3  
  49  10:38  SCV  
  49  10:42  Marine  
  51  10:55  SCV x2  
  54  10:58  Orbital Command  
  54  11:00  Marine  
  54  11:07  SCV x2  
  56  11:11  Marine x2  
  56  11:12  Marine  
  56  11:17  Marine  
  60  11:19  SCV x2  
  62  11:29  Marine  
  62  11:32  Marine  
  65  11:35  Marine, Barracks Reactor  
  65  11:38  Siege Tank  
  65  11:47  Marine  
  65  11:50  Marine  
  65  11:53  Marine  
  65  12:05  Marine  
  65  12:07  Marine  
  65  12:08  Barracks  
  67  12:11  SCV x3, Marauder  
  72  12:22  Marine  
  72  12:23  SCV x3  
  69  12:33  Marauder  
  69  12:35  SCV x2  
  69  12:48  Refinery  
  69  12:49  Refinery  
  69  12:54  Marauder  
  69  12:57  SCV x3  
  74  13:04  Marine x2  
  74  13:05  Marine  
  77  13:09  SCV x2  
  79  13:16  Marine, Refinery, Marauder  
  79  13:18  Siege Tank  
  79  13:19  Liberator  
  88  13:20  Viking  
  88  13:22  Marine x3  
  93  13:37  Marauder  
  93  13:39  Marine  
  93  13:40  Marine x2  
  94  13:50  Siege Tank  
  97  13:58  Marine x4, Marauder  
  103  14:04  SCV x3  
  102  14:16  SCV x3, Marine  
  106  14:20  Marauder  
  111  14:28  SCV x3  
Show
View Real Time Build Order
Export as new Build Order

kana Zerg 

Build Orders: Hatch First, Roach Nydus 

Get SALT Encoding   

  12  0:08  Overlord  
  12  0:13  Drone  
  13  0:24  Drone  
  13  0:27  Drone  
  15  0:31  Drone  
  16  0:55  Drone  
  16  0:56  Drone  
  18  1:01  Hatchery  
  17  1:13  Drone  
  18  1:19  Spawning Pool, Extractor  
  18  1:22  Drone  
  18  1:25  Drone  
  18  1:35  Drone  
  19  1:55  Drone  
  19  1:58  Overlord  
  20  2:14  Queen  
  20  2:15  Queen  
  25  2:22  Zergling x2  
  25  2:23  Zergling x4  
  25  2:25  Zergling x2  
  28  2:35  Drone x2  
  30  3:04  Lair  
  30  3:06  Drone x5, Roach Warren  
  30  3:09  Drone  
  35  3:22  Drone  
  36  3:28  Overlord  
  36  3:30  Overlord  
  36  3:32  Overlord  
  36  3:42  Spine Crawler  
  36  3:43  Drone  
  36  3:44  Spine Crawler, Drone  
  36  3:55  Extractor  
  35  3:56  Extractor  
  35  4:02  Overseer  
  34  4:09  Drone x3  
  37  4:11  Drone x3  
  37  4:12  Drone  
  37  4:13  Drone  
  42  4:17  Glial Reconstitution  
  42  4:28  Overseer  
  42  4:45  Roach  
  44  4:46  Roach x3  
  44  4:48  Overlord x2  
  44  4:49  Roach  
  44  4:50  Nydus Network  
  44  4:51  Roach  
  53  4:55  Roach  
  55  5:05  Roach x2  
  55  5:06  Roach  
  60  5:15  Overseer  
  60  5:20  Roach  
  60  5:21  Roach x5  
  72  5:54  Roach  
  72  5:56  Overlord x4  
  74  6:07  Nydus Canal  
  66  6:29  Roach  
  66  6:30  Roach x5  
  76  6:34  Queen x2  
  80  6:48  Hatchery  
  77  6:55  Roach  
  59  7:56  Roach x3  
  63  7:59  Queen  
  55  8:20  Roach x4  
  59  8:28  Roach  
  61  8:47  Roach x4  
  61  9:09  Roach  
  57  9:10  Roach x6  
  63  9:21  Roach x2  
  63  9:34  Hatchery  
  60  10:00  Roach x2  
  60  10:01  Roach x4  
  72  10:11  Overseer  
  70  10:16  Roach  
  70  10:17  Roach x3  
  70  10:20  Drone  
  71  10:37  Hydralisk Den  
  70  10:52  Drone  
  70  10:53  Drone x5  
  70  10:54  Drone  
  70  10:56  Spore Crawler  
  57  11:58  Drone  
  57  11:59  Drone x5  
  53  12:44  Queen  
  53  12:48  Roach  
  57  12:53  Drone x2  
  59  12:59  Drone  
  59  13:02  Overseer  
  60  13:09  Drone x3  
  60  13:10  Overseer  
  61  13:47  Hydralisk x3  
  61  13:48  Spore Crawler, Hydralisk  
  69  13:50  Drone x2  
  69  13:51  Drone  
  71  14:23  Drone x7  
  71  14:24  Drone  
Tags
 
Add a new tag
Caveats
  • Supply blocks, unpowered buildings, or Contaminate may cause inaccurate times.
  • Supply counts are checked every 10 seconds.